 Dungeon Crawl Stone Soup version 0.29-a0-730-g5686a2c4f1 (webtiles) character file.

Game seed: 1664824294036620909

7 ihfijgdoutdouutd the Shooter (level 1, 0/16 HPs)
             Began as a Vampire Hunter on June 29, 2022.
             Slain by a hobgoblin (1 damage)
             ... on level 1 of the Dungeon.
             The game lasted 00:03:45 (97 turns).

ihfijgdoutdouutd the Shooter (Vampire Hunter)         Turns: 97, Time: 00:03:45

Health: 0/16       AC:  3    Str: 10    XL:     1   Next: 83%
Magic:  1/1        EV: 12    Int: 11    God:
Gold:   0          SH:  0    Dex: 17    Spells: 0/0 levels left

rFire   . . .      SeeInvis +   a - +0 shortbow
rCold   . . .      Faith    .   (shield currently unavailable)
rNeg    . . .      Spirit   .   c - +0 leather armour
rPois   .          Reflect  .   (no helmet)
rElec   .          Harm     .   (no cloak)
rCorr   .          Rampage  .   (no gloves)
Will    .....                   (no boots)
Stlth   ++........              (no amulet)
HPRegen 0.25/turn               (no ring)
MPRegen 0.07/turn               (no ring)

@: healing quickly
A: alive, fangs 3, see invisible, vampiric 1
a: Exsanguinate


You were on level 1 of the Dungeon.
You visited 1 branch of the dungeon, and saw 1 of its levels.

Inventory:

Hand Weapons
 a - a +0 shortbow (weapon)
Missiles
 e - 8 stones
Armour
 c - a +0 leather armour (worn)
Scrolls
 b - a scroll of immolation
Potions
 d - a potion of flight {unknown}


   Skills:
 - Level 1.7 Fighting
 * Level 3.6 Ranged Weapons
 - Level 2.1 Dodging
 - Level 1.5 Stealth


You couldn't memorise any spells.
You didn't know any spells.
Your spell library was empty.

Dungeon Overview and Level Annotations

Branches:
Dungeon (1/15)

Altars:


Innate Abilities, Weirdness & Mutations

Your natural rate of healing is accelerated.
You have razor-sharp teeth.
You have supernaturally acute eyesight. (SInv)
You are afflicted with vampirism.


Message History

The kobold attacks as you move away! The kobold barely misses you.
Found a leather armour.
Fire: a) +0 shortbow
Press: ? - help, Q - select action, (/) - cycle Shift-Dir - straight line, f/p - kobold
Aim: a kobold, wielding a +0 dagger (moderately wounded)
You shoot an arrow.
The arrow hits the kobold but does no damage.
The kobold is moderately wounded.
The kobold hits you with a +0 dagger.
Fire: a) +0 shortbow
Press: ? - help, Q - select action, (/) - cycle Shift-Dir - straight line, f/p - kobold
Aim: a kobold, wielding a +0 dagger (moderately wounded)
You shoot an arrow. The arrow barely misses the kobold.
The kobold completely misses you.
Fire: a) +0 shortbow
Press: ? - help, Q - select action, (/) - cycle Shift-Dir - straight line, f/p - kobold
Aim: a kobold, wielding a +0 dagger (moderately wounded)
You shoot an arrow. The arrow closely misses the kobold.
The kobold hits you with a +0 dagger. The kobold barely misses you.
There are no items here.
Really attack while wielding your +0 shortbow? [Y]es or [N]o only, please.
Really attack while wielding your +0 shortbow?
Okay, then.
The kobold attacks as you move away! The kobold closely misses you.
Found a quarterstaff.
An endoplasm comes into view.
The kobold attacks as you move away! The kobold hits you but does no damage.
The endoplasm quivers.
The kobold attacks as you move away! The kobold hits you but does no damage.
A hobgoblin comes into view.
The endoplasm attacks as you move away! The endoplasm hits you.
The endoplasm attacks as you move away! The endoplasm barely misses you.
The hobgoblin hits you.
* * * LOW HITPOINT WARNING * * *
The endoplasm closely misses you. The kobold attacks as you move away!
The kobold hits you with a +0 dagger.
* * * LOW HITPOINT WARNING * * *
The hobgoblin hits you.
You die...

............##.## #
............# ..# ...
.............###.###.... ..
#..=....†........[ ...
#.########..##... .
......#.# ##.# .. ......+.#
#.## J..
#######...#.#########..# ...
................@...##.# ..
.........##.....g.K.##.#.#
.........##.......J.##...#
..##............##.......#
..##............##.......#
.........................#
.........................#
#.........>........##......
#........<.........##)......


You could see an endoplasm, a hobgoblin and a kobold.

Vanquished Creatures
  A bat (D:1)
  An endoplasm (D:1)
  2 jackals (D:1)
  A ball python (D:1)
  A kobold (D:1)
6 creatures vanquished.

Notes
Turn   | Place    | Note
-------+----------+-------------------------------------------
     0 | D:1      | ihfijgdoutdouutd the Vampire Hunter began the quest for the
                  | Orb.
     0 | D:1      | Reached XP level 1. HP: 16/16 MP: 1/1
    97 | D:1      | Slain by a hobgoblin

Illustrated notes

Levels and vault maps discovered:
D:1:      dpeg_arrival_stonehenge_8_columns, layout_basic, lemuel_another_geyser

Action                   || total
-------------------------++-------
 Fire: Shortbow          ||    33
Armor: Leather armour    ||    10
Dodge: Dodged            ||    31

Table legend: (Time is in decaauts)
 A = Elapsed time spent in this place.
 B = Non-inter-level travel time spent in this place.
 C = Inter-level travel time spent in this place.
 D = Time resting spent in this place.
 E = Time spent auto-exploring this place.
 F = Levels seen in this place.
 G = Mean time per level.
                   A        B        C        D        E       F      G
               +--------+--------+--------+--------+--------+-----+--------+
         Total |    109 |    109 |      0 |      0 |     24 |   1 |  109.0 |
       Dungeon |    109 |    109 |      0 |      0 |     24 |   1 |  109.0 |
               +--------+--------+--------+--------+--------+-----+--------+

Top non-repeatable levels by time:
     D:1: 109 daAuts
